 Dungeon Crawl Stone Soup version 0.30-a0-141-g30f27751c5 (webtiles) character file.

Game seed: 18002666702682283702

141 qw the Chopper (level 5, 0/32 HPs)
             Began as a Gargoyle Fighter on Sept 25, 2022.
             Killed from afar by Ijyb (15 damage)
             ... with a bolt of dispelling energy
             ... on level 3 of the Dungeon.
             The game lasted 00:00:56 (1859 turns).

qw the Chopper (Gargoyle Fighter)                   Turns: 1859, Time: 00:00:56

Health: 0/32       AC: 10    Str: 19 (21) XL:     5   Next: 24%
Magic:  5/5        EV:  9    Int:  9      God:
Gold:   115        SH:  4    Dex:  6 (9)  Spells: 4/4 levels left

rFire   . . .      SeeInvis .    Y - +0 war axe
rCold   . . .      Faith    .    c - +0 buckler
rNeg    + . .      Spirit   .    b - +0 scale mail
rPois   inf        Reflect  .    (no helmet)
rElec   +          Harm     .    (no cloak)
rCorr   .          Rampage  .    (no gloves)
Will    .....                    (no boots)
Stlth   ..........               (no amulet)
HPRegen 0.10/turn                (no ring)
MPRegen 0.09/turn                (no ring)

@: no status effects
A: sickness immunity, AC +4, negative energy resistance 1, electricity
resistance, torment resistance 1, petrification resistance
a: no special abilities


You were on level 3 of the Dungeon.
You visited 1 branch of the dungeon, and saw 3 of its levels.

You collected 115 gold pieces.


Innate Abilities, Weirdness & Mutations

You are immune to sickness and miasma.
Your stone body is resilient. (AC +4)
You are immune to poison.
You resist negative energy. (rN+)
You are resistant to electric shocks. (rElec)
You are resistant to unholy torment.
You are immune to petrification.


   Skills:
 - Level 3.2 Fighting
 + Level 4.5 Axes
 - Level 1.1 Throwing
 - Level 3.2 Armour
 - Level 3.2 Shields


You had 4 spell levels left.
You didn't know any spells.
Your spell library was empty.

Inventory:

Hand Weapons
 e - a +0 flail
 Y - a +0 war axe (weapon)
Missiles
 l - 5 javelins (quivered)
Armour
 b - a +0 scale mail (worn)
 c - a +0 buckler (worn)
Potions
 a - a potion of heal wounds
 d - a potion of might
 g - a potion of attraction {unknown}
 h - a potion of haste {unknown}
 i - a potion of curing
 j - a potion of lignification {unknown}
 n - a potion of invisibility {unknown}

Dungeon Overview and Level Annotations

Branches:
Dungeon (3/15)

Altars:

Shops:
D:2 [

Annotations:
D:3 Ijyb


Message History

Ijyb and a goblin come into view.
Ijyb is wielding a +0 club and carrying a wand of quicksilver (13).
Ijyb shouts!
The goblin shouts!
Enter note:
1846 ||| Stepping ~*~*~tactically~*~*~ (hiding).
Throw: 6 javelins
Press: ? - help, Q - select action Shift-Dir - straight line, f - goblin You throw a javelin.
The javelin pierces through the goblin!
You kill the goblin!
A rat comes into view.
1848 ||| Stepping ~*~*~tactically~*~*~ (stealth).
You start waiting.
Ijyb is nearby!
Ijyb zaps a wand.
The bolt of dispelling energy hits you!
You barely miss Ijyb. Ijyb hits you but does no damage.
You closely miss Ijyb. Ijyb hits you but does no damage.
Ijyb closely misses you.
You slash Ijyb!
Ijyb is moderately wounded.
You block Ijyb's attack.
You closely miss Ijyb.
Ijyb is moderately wounded.
You block Ijyb's attack.
You closely miss Ijyb.
Ijyb is moderately wounded.
Ijyb hits you but does no damage. x2
You hit Ijyb but do no damage.
Ijyb is moderately wounded.
Ijyb zaps a wand.
The bolt of dispelling energy hits you!
You slash Ijyb!
Ijyb is severely wounded.
Ijyb closely misses you.
You hit Ijyb but do no damage.
Ijyb is severely wounded.
Ijyb closely misses you. You block Ijyb's attack.
You barely miss Ijyb.
Ijyb is severely wounded.
Ijyb zaps a wand.
The bolt of dispelling energy hits you!
You die...

. . .##### .# ....##.###
..#.......
##########.#.......
........#..#.......
#############.##.#.....(.
...<.............g....)..
###.####.#######@#.......
#.# #.# #.#....... #.#
#.# #.#....... #.####.#
#.#g...... #......#
#.#.###### #####..# #.#.#
#....#### #...# #.#....)#
### #.#####)#


You could see Ijyb.

Vanquished Creatures
  Jessica (D:2)
  4 gnolls (D:3)
  2 adders (D:2)
  A worm (D:2)
  4 dart slugs
  5 ball pythons
  6 endoplasms
  3 giant cockroaches (D:1)
  3 goblins
  3 hobgoblins
  A quokka (D:1)
  7 bats
  3 frilled lizards
  4 kobolds
  7 rats
54 creatures vanquished.

Notes
Turn   | Place    | Note
-------+----------+-------------------------------------------
     0 | D:1      | qw the Gargoyle Fighter began the quest for the Orb.
     0 | D:1      | Reached XP level 1. HP: 14/14 MP: 1/1
     0 | D:1      | 0 ||| qw: Version: 0.2-a-9-ge00f85e
     0 | D:1      | 0 ||| qw: Game counter: 88
     0 | D:1      | 0 ||| qw: Always use a shield: true
     0 | D:1      | 0 ||| qw: God list: Okawaru
     0 | D:1      | 0 ||| qw: Allow faded altars: false
     0 | D:1      | 0 ||| qw: Do Orc after D:15 true
     0 | D:1      | 0 ||| qw: Do second Lair branch before Depths: true
     0 | D:1      | 0 ||| qw: Lair rune preference: random
     0 | D:1      | 0 ||| qw: Plans: Normal, Zot:1-4, God:TSO, Crypt, Tomb,
                  | Pan, Slime:5, Hells, Abyss, Orb
     0 | D:1      | 0 ||| PLANNING D:1-11
    85 | D:1      | 85 ||| Stepping ~*~*~tactically~*~*~ (hiding).
    91 | D:1      | Reached skill level 2 in Axes
   116 | D:1      | Reached XP level 2. HP: 16/19 MP: 2/2
   127 | D:1      | 127 ||| Stepping ~*~*~tactically~*~*~ (stealth).
   174 | D:1      | Found a faded altar of an unknown god.
   456 | D:1      | Reached skill level 3 in Axes
   474 | D:1      | Reached XP level 3. HP: 23/23 MP: 3/3
   775 | D:1      | 775 ||| READING scroll labelled DYELIALADUA.
   776 | D:1      | 776 ||| READING scroll labelled DIHOEQAKOJ.
   777 | D:1      | 777 ||| DRINKING 2 glowing golden potions.
   808 | D:2      | 808 ||| Stepping ~*~*~tactically~*~*~ (stealth).
   877 | D:2      | 877 ||| DROPPING +1 vorpal hand axe.
   889 | D:2      | Noticed Jessica
   894 | D:2      | Killed Jessica
   895 | D:2      | Reached skill level 4 in Axes
   895 | D:2      | Reached XP level 4. HP: 25/28 MP: 4/4
   995 | D:2      | 995 ||| Stepping ~*~*~tactically~*~*~ (stealth).
  1113 | D:2      | 1113 ||| Stepping ~*~*~tactically~*~*~ (hiding).
  1317 | D:2      | 1317 ||| Stepping ~*~*~tactically~*~*~ (stealth).
  1319 | D:2      | 1319 ||| Stepping ~*~*~tactically~*~*~ (hiding).
  1321 | D:2      | 1321 ||| Stepping ~*~*~tactically~*~*~ (hiding).
  1428 | D:2      | Found Gaqaub Esyle's Armour Shop.
  1438 | D:2      | 1438 ||| SHOPLISTING +0 scale mail of Indomitability
                  | {Regen+ Str+2 SInv} (213 gold, have 97).
  1438 | D:2      | 1438 ||| SHOPLISTING +1 cloak (126 gold, have 97).
  1438 | D:2      | 1438 ||| SHOPLISTING +1 scale mail of positive energy (143
                  | gold, have 97).
  1438 | D:2      | 1438 ||| SHOPLISTING +3 plate armour of cold resistance
                  | (495 gold, have 97).
  1438 | D:2      | 1438 ||| SHOPLISTING +3 scale mail of cold resistance (286
                  | gold, have 97).
  1438 | D:2      | 1438 ||| SHOPLISTING scarf of resistance (352 gold, have
                  | 97).
  1544 | D:2      | 1544 ||| READING scroll labelled UKKOT OCOCW.
  1547 | D:2      | 1547 ||| READING scroll labelled YPUSUNALUSS.
  1548 | D:2      | 1548 ||| DRINKING 2 yellow potions.
  1549 | D:2      | 1549 ||| DRINKING 2 pink potions.
  1550 | D:2      | 1550 ||| DROPPING potion of degeneration.
  1587 | D:3      | 1587 ||| Stepping ~*~*~tactically~*~*~ (hiding).
  1601 | D:3      | Reached skill level 1 in Throwing
  1601 | D:3      | Reached XP level 5. HP: 12/32 MP: 5/5
  1813 | D:3      | 1813 ||| DROPPING +0 whip.
  1845 | D:3      | Noticed Ijyb
  1846 | D:3      | 1846 ||| Stepping ~*~*~tactically~*~*~ (hiding).
  1848 | D:3      | 1848 ||| Stepping ~*~*~tactically~*~*~ (stealth).
  1859 | D:3      | Killed from afar by Ijyb

Levels and vault maps discovered:
D:1:      dpeg_arrival_water_temple_mockup, layout_rooms,
          shapermc_ecumenical_altar_notcrosses
D:2:      layout_rooms, serial_shops, nicolae_lakefront_shop, uniq_jessica
D:3:      layout_basic, kennysheep_generic_room_7, uniq_ijyb

Skill      XL: |  1  2  3  4 |
---------------+-------------+-----
Axes           | 2 3 4 |  4.5
Throwing       | 1 |  1.1
Fighting       | |  3.2
Armour         | |  3.2
Shields        | |  3.2

Action                   |  1- 3 |  4- 6 || total
-------------------------+-------+-------++-------
Melee: War axe           |    97 |    78 ||   175
Throw: Javelin           |       |     1 ||     1
  Use: Scroll            |     2 |     2 ||     4
       Potion            |     1 |     2 ||     3
Armor: Scale mail        |    60 |    46 ||   106
Dodge: Dodged            |    53 |    52 ||   105
Block: Buckler           |    15 |    15 ||    30

Table legend:
 A = Non-vault XP
 B = Vault XP
 C = Vault XP percentage of total XP
 D = Non-vault monster count
 E = Vault monster count
 F = Vault count percentage of total count
                 A         B        C        D         E       F
            +---------+---------+-------+---------+---------+-------
      Total |     165 |      37 |  18.3 |      53 |       1 |   1.9
            +---------+---------+-------+---------+---------+-------
        D:1 |      45 |       0 |   0.0 |      28 |       0 |   0.0
        D:2 |      62 |      37 |  37.4 |      20 |       1 |   4.8
        D:3 |      58 |       0 |   0.0 |       5 |       0 |   0.0
            +---------+---------+-------+---------+---------+-------
